 Dungeon Crawl Stone Soup version 0.29.1-12-g30fa7ad0bf (webtiles) character file.

Game seed: 16840250554909507011

58 ilikebread the Trooper (level 4, -1/29 HPs)
             Began as a Gargoyle Fighter on Dec 31, 2022.
             Slain by Sigmund
             ... wielding a +4 scythe of distortion
              (11 damage)
             ... on level 3 of the Dungeon.
             The game lasted 00:06:44 (1721 turns).

ilikebread the Trooper (Gargoyle Fighter)           Turns: 1721, Time: 00:06:45

Health: -1/29      AC: 10    Str: 21    XL:     4   Next: 2%
Magic:  4/4        EV:  9    Int:  9    God:
Gold:   60         SH:  4    Dex:  9    Spells: 3/3 levels left

rFire   . . .      SeeInvis .   a - +0 flail
rCold   . . .      Faith    .   c - +0 buckler
rNeg    + . .      Spirit   .   b - +0 scale mail
rPois   ∞          Reflect  .   (no helmet)
rElec   +          Harm     .   (no cloak)
rCorr   .          Rampage  .   (no gloves)
Will    .....                   (no boots)
Stlth   ..........              (no amulet)
HPRegen 0.09/turn               (no ring)
MPRegen 0.09/turn               (no ring)

@: no status effects
A: sickness immunity, AC +3, negative energy resistance 1, electricity
resistance, torment resistance 1, petrification resistance
a: no special abilities


You were on level 3 of the Dungeon.
You visited 1 branch of the dungeon, and saw 3 of its levels.

You collected 60 gold pieces.

Inventory:

Hand Weapons
 a - a +0 flail (weapon)
Missiles
 k - 13 stones (quivered)
 n - 5 poisoned darts
Armour
 b - a +0 scale mail (worn)
 c - a +0 buckler (worn)
Jewellery
 l - a ring of protection from fire
Scrolls
 e - 3 scrolls of identify
 g - a scroll of teleportation
 m - a scroll of blinking {unknown}
Potions
 d - a potion of might
 f - a potion of attraction {unknown}
 h - 2 potions of curing {unknown}
 i - a potion of mutation {unknown}
 j - a potion of cancellation {unknown}
 o - a potion of haste {unknown}


   Skills:
 + Level 3.6 Fighting
 + Level 3.0 Maces & Flails
 + Level 3.5 Armour
 + Level 0.2 Dodging
 + Level 1.1 Stealth
 + Level 3.6 Shields


You had 3 spell levels left.
You didn't know any spells.
Your spell library contained the following spells:

 Spells                   Type           Power      Damage    Failure   Level
 Static Discharge         Conj/Air       0%         3-3/arc   91%         2
 Gell's Gravitas          Tloc           0%         N/A       99%         3
 Teleport Other           Tloc           0%         N/A       99%         3
 Lightning Bolt           Conj/Air       0%         1d11      100%        5
 Dispersal                Tloc           0%         N/A       100%        6
 Maxwell's Capacitive Co  Air            0%         ∞         100%        8


Dungeon Overview and Level Annotations

Branches:
Dungeon (2/15)

Altars:

Annotations:
D:3 Sigmund


Innate Abilities, Weirdness & Mutations

You are immune to sickness and miasma.
Your stone body is resilient. (AC +3)
You are immune to poison.
You resist negative energy. (rN+)
You are resistant to electric shocks. (rElec)
You are resistant to unholy torment.
You are immune to petrification.


Message History

The hobgoblin shouts!
You sock the goblin!
You kill the goblin!
You have reached level 4!
You feel clever.
You see here 17 gold pieces.
You now have 60 gold pieces (gained 17).
You closely miss the hobgoblin.
The hobgoblin hits you but does no damage. x2
You barely miss the hobgoblin.
The hobgoblin hits you but does no damage.
Sigmund the Dreaded comes into view.
He is wielding a +4 scythe of distortion.
You barely miss the hobgoblin.
Sigmund shouts!
The hobgoblin closely misses you.
You hit the hobgoblin.
The hobgoblin is moderately wounded.
The hobgoblin completely misses you. You block the hobgoblin's attack.
You closely miss the hobgoblin.
The hobgoblin is moderately wounded.
The hobgoblin hits you. Sigmund says, "I'm your fate."
Sigmund gestures wildly while chanting.
Sigmund flickers and vanishes!
Deactivating autopickup; reactivate with Ctrl-A.
You thump the hobgoblin!
You kill the hobgoblin!
You start resting.
You hear some strange, mumbled words.
You are confused.
You are too confused!
Something hits you! Space warps around you.
You are too confused!
You feel less confused.
There is a strange disturbance nearby!
As you read the scroll labelled DIECIG HIXTE, it crumbles to dust.
It is a scroll of identify.
g - a scroll of teleportation Something hits you!
You die...

............######
#..)..............
#.##........##########
.............†........
#.####......###############
# #.....................
#.......##############
#....###.#.# #.#.. #@#.# #
#.. #.#.# #.. #.#.# #.
..#.# #.#.# #.#.# ###.# ..#
#.#


There were no monsters in sight!

Vanquished Creatures
  An adder (D:3)
  An ufetubus (D:3)
  2 dart slugs
  3 orcs (D:3)
  6 ball pythons
  2 bats
  2 endoplasms (D:1)
  5 goblins
  4 hobgoblins
  4 jackals (D:1)
  A kobold (D:1)
  A quokka (D:3)
  2 rats (D:1)
34 creatures vanquished.

Notes
Turn   | Place    | Note
-------+----------+-------------------------------------------
     0 | D:1      | ilikebread the Gargoyle Fighter began the quest for the
                  | Orb.
     0 | D:1      | Reached XP level 1. HP: 14/14 MP: 1/1
   358 | D:1      | Reached XP level 2. HP: 19/19 MP: 2/2
  1134 | D:1      | Reached XP level 3. HP: 23/24 MP: 3/3
  1372 | D:2      | You fall into a shaft and drop 1 floor!
  1399 | D:3      | Reached skill level 1 in Stealth
  1698 | D:3      | Reached XP level 4. HP: 29/29 MP: 4/4
  1703 | D:3      | Noticed Sigmund
  1721 | D:3      | Slain by Sigmund

Illustrated notes

Levels and vault maps discovered:
D:1:      minmay_arrival_floating_metal, layout_loops_cross, minmay_tromino_i2
D:2:      layout_basic
D:3:      cheibrodos_greedy_goblins, layout_basic,
          nicolae_ecumenical_lake_church, uniq_sigmund, uniq_jessica

Skill      XL: |  1  2  3 |
---------------+----------+-----
Stealth        | 1 |  1.1
Maces & Flails | 3 |  3.0
Fighting       | |  3.6
Armour         | |  3.5
Dodging        | |  0.2
Shields        | |  3.6

Action                   |  1- 3 |  4- 6 || total
-------------------------+-------+-------++-------
Melee: Flail             |    91 |     6 ||    97
  Use: Scroll            |       |     1 ||     1
Armor: Scale mail        |    50 |     3 ||    53
Dodge: Dodged            |    46 |     2 ||    48
Block: Buckler           |    15 |     1 ||    16
